 Dungeon Crawl Stone Soup version 0.28-a0-1429-gf3d713df7a (webtiles) character file.

Game seed: 17444448774481411534

5168 freelancePsychic the Fighter (level 10, -4/80 HPs)
             Began as a Djinni Earth Elementalist on Jan 8, 2022.
             Was a Believer of Makhleb.
             Slain by a two-headed ogre (14 damage)
             ... on level 9 of the Dungeon.
             The game lasted 00:19:52 (12387 turns).

freelancePsychic the Fighter (DjEE)                Turns: 12387, Time: 00:19:52

Health: -4/80      AC:  2    Str:  7    XL:     10   Next: 90%
Gold:   126        EV: 14    Int: 21    God:    Makhleb [**....] SH:  0 Dex: 14

rFire   + + .      SeeInvis .   j - +0 dagger (drain)
rCold   . . .      Faith    .   (no shield)
rNeg    . . .      Spirit   .   b - +0 robe
rPois   ∞          Reflect  .   (no helmet)
rElec   .          Harm     .   (no cloak)
rCorr   .          Rampage  .   (no gloves)
Will    +....                   (boots unavailable)
Stlth   ++........              (no amulet)
HPRegen 0.23/turn               A - ring of protection from cold
MPRegen 0.00/turn               (no ring)

@: flying, studying Fighting
A: sickness immunity, fire resistance 2, cold vulnerability 1, float, innate
caster, hp casting, extra vitality 1
a: Renounce Religion, Minor Destruction


You were on level 9 of the Dungeon.
You worshipped Makhleb.
Makhleb was pleased with you.
You visited 2 branches of the dungeon, and saw 10 of its levels.

You collected 445 gold pieces.
You spent 319 gold pieces at shops.

Inventory:

Hand Weapons
 j - a +0 dagger of draining (weapon)
Missiles
 c - 222 stones
 o - a throwing net
Armour
 b - a +0 robe (worn)
 t - the +0 kite shield "Yxtoiruy" {rF++ rCorr Int-2}
   (You bought it in a shop on level 2 of the Dungeon)

   Int:       It affects your intelligence (-2).
   rF:        It greatly protects you from fire.
   rCorr:     It protects you from acid and corrosion.
Jewellery
 w - a ring of fire
 A - a ring of protection from cold (left hand)
 C - the necklace of Bloodlust {*Rage Will++ Int-3 Slay+6}
   (You found it on level 7 of the Dungeon)

   [amulet of nothing]

   It extends the wearer's berserk rage when killing foes.
   Int:       It affects your intelligence (-3).
   Slay:      It affects your accuracy & damage with ranged weapons and melee
   (+6).
   *Rage:     It berserks you when you make melee attacks (+50% chance).
   Will:      It greatly increases your willpower.
 G - a ring of ice
Wands
 f - a wand of polymorph (11)
 F - a wand of flame (16)
Scrolls
 d - a scroll of holy word
 i - a scroll of blinking
 k - a scroll of magic mapping
 m - a scroll of enchant weapon
 q - a scroll of vulnerability
 r - a scroll of summoning
 s - a scroll of fog
 v - 3 scrolls of immolation {unknown}
 y - a scroll of brand weapon {unknown}
 B - 3 scrolls of identify {@r1}
 D - a scroll of teleportation {unknown}
 E - a scroll of noise {unknown}
 H - a scroll of enchant armour {unknown}
Potions
 a - a potion of invisibility {unknown}
 e - 2 potions of attraction {unknown}
 g - 2 potions of brilliance {unknown}
 h - 3 potions of lignification {unknown}
 l - 2 potions of degeneration {unknown}
 n - 2 potions of flight {unknown}
 p - 4 potions of curing {unknown}
 u - 2 potions of resistance {unknown}
 x - a potion of might {unknown}
 z - 3 potions of haste {unknown}


   Skills:
 + Level 9.9 Fighting
 + Level 5.4 Dodging
 - Level 1.5 Stealth
 * Level 9.6 Spellcasting


You had 9 spell levels left.
You knew the following spells:

 Your Spells              Type           Power      Damage    Failure   Level
a - Foxfire               Conj/Fire      100%       2x1d9     1%          1
b - Passwall              Tmut/Erth      41%        N/A       1%          2
c - Stone Arrow           Conj/Erth      100%       3d13      1%          3
d - Petrify               Tmut/Erth      50%        N/A       1%          4
e - Sandblast             Erth           100%       2d20      1%          1
f - Blink                 Tloc           100%       N/A       1%          2
g - Conjure Flame         Conj/Fire      50%        6-21      1%          3
h - Swiftness             Air            50%        N/A       1%          3
Your spell library was empty.

Dungeon Overview and Level Annotations

Branches:
Dungeon (9/15)             Temple (1/1) D:4
   Lair: D:8-11         Orc: D:9-12

Altars:
Ashenzari
Cheibriados
Dithmenos
Elyvilon
Fedhas
Gozag
Hepliaklqana
Kikubaaqudgha
Makhleb
Nemelex Xobeh
Okawaru
Qazlal
Ru
Trog
Uskayaw
Vehumet
Wu Jian
Xom
Yredelemnul
Zin
The Shining One

Shops:
D:2 [**[   D:7 *

Annotations:
D:2 exclusion: scorpion
D:8 1 runed translucent door, exclusion: downstairs
D:9 Maggie


Innate Abilities, Weirdness & Mutations

You are immune to sickness and miasma.
You are immune to poison.
Your flesh is very heat resistant. (rF++)
You are vulnerable to cold. (rC-)
You float through the air rather than walking.
You learn spells naturally, not from books.
Your magical power is your life essence.
You have superior vitality. (+4 MHP)


Message History

Unknown command.
(D) Dungeon (T) Temple
Where to? (Enter - D:9, ? - help)
There is a stone staircase leading down here.
You fly downwards.
Level annotation: Maggie The killer bee buzzes angrily.
There is a stone staircase leading up here.
There are monsters nearby!
The stone arrow hits the killer bee!
The killer bee is heavily wounded.
The killer bee buzzes angrily. x4
A centaur comes into view.
The stone arrow misses the killer bee.
The stone arrow hits the killer bee!!
You kill the killer bee!
Makhleb accepts your kill.
The centaur shouts!
A two-headed ogre comes into view.
It is wielding two +0 giant spiked clubs.
The killer bee barely misses you. x2; The killer bee stings you!
You fly upwards.
Level annotation: 1 runed translucent door, exclusion: downstairs
There is a stone staircase leading down here.
The stone arrow hits the killer bee!!
You kill the killer bee!
Makhleb accepts your kill.
You can't see any susceptible monsters within range! (Use Z to cast anyway.)
You start resting.
HP restored.
You fly downwards.
Level annotation: Maggie The killer bee misses you.
The killer bee stings you. x2
The killer bee barely misses you.
The two-headed ogre hits you with a +0 giant spiked club!!
The two-headed ogre hits you with a +0 giant spiked club!
There is a stone staircase leading up here.
The killer bee stings you. x2; The killer bee closely misses you. x2
The two-headed ogre hits you with a +0 giant spiked club!!
* * * LOW HITPOINT WARNING * * *
The two-headed ogre hits you with a +0 giant spiked club!
You die...

###############
......y@Oy.....
########y......
.c..... .......
....... .......
....... .......


You could see a two-headed ogre, a centaur and 3 killer bees.

Vanquished Creatures
  A deep troll (D:7)
  3 yaks (D:4)
  A steam dragon (D:8)
  3 water moccasins
  2 sky beasts
  A black bear (D:4)
  3 orc warriors
  5 ice beasts
  A necrophage (D:6)
  2 ogres (D:6)
  A centaur (D:8)
  3 bullfrogs
  A wyvern zombie (D:5)
  12 scorpions
  A water moccasin zombie (D:5)
  3 killer bees
  3 wights (D:8)
  2 howler monkeys (D:8)
  A centaur zombie (D:7)
  2 bullfrog zombies
  2 hounds (D:5)
  3 jellies
  5 orc priests
  A bullfrog skeleton (D:7)
  A gnoll shaman (D:5)
  2 iguanas
  Jessica (D:3)
  2 centaur skeletons
  7 orc wizards
  A killer bee zombie (D:6)
  A hound skeleton (D:4)
  5 adders
  14 gnolls
  A howler monkey skeleton (D:7)
  An ufetubus (D:6)
  6 worms
  4 dart slugs
  20 orcs
  6 ball pythons
  8 endoplasms
  8 giant cockroaches
  7 goblins
  7 hobgoblins
  10 kobolds
  6 bats
  3 frilled lizards
  7 rats
  A butterfly (D:8)
191 creatures vanquished.

Vanquished Creatures (others)
  225 foxfires
225 creatures vanquished.

Grand Total: 416 creatures vanquished

Notes
Turn   | Place    | Note
-------+----------+-------------------------------------------
     0 | D:1      | freelancePsychic the Djinni Earth Elementalist began the
                  | quest for the Orb.
     0 | D:1      | Reached XP level 1. HP: 15/15 MP: 0/0
   228 | D:1      | Reached XP level 2. HP: 19/22 MP: 0/0
   389 | D:1      | Reached skill level 1 in Fighting
   662 | D:1      | Found a faded altar of an unknown god.
   777 | D:1      | Reached XP level 3. HP: 23/27 MP: 0/0
   777 | D:1      | Learned a level 1 spell: Foxfire
  1352 | D:2      | Found Feugupp's Assorted Antiques.
  1564 | D:2      | Found Cosmi's Armour Shop.
  1806 | D:2      | Found Haed's Assorted Antiques.
  1844 | D:2      | Noticed a scorpion
  1880 | D:2      | Reached XP level 4. HP: 31/32 MP: 0/0
  2275 | D:2      | Found Axuom's Antique Armour Shop.
  2753 | D:3      | Reached XP level 5. HP: 36/38 MP: 0/0
  2753 | D:3      | Learned a level 2 spell: Blink
  2813 | D:3      | Noticed Jessica
  2818 | D:3      | Killed Jessica
  3044 | D:3      | Found a shadowy altar of Dithmenos.
  3081 | D:3      | Found a white marble altar of Elyvilon.
  3083 | D:3      | Found a bloodstained altar of Trog.
  3306 | D:4      | Noticed a black bear
  3403 | D:4      | Reached XP level 6. HP: 25/45 MP: 0/0
  3703 | D:4      | Found a staircase to the Ecumenical Temple.
  3713 | Temple   | Entered the Ecumenical Temple
  3937 | Temple   | Became a worshipper of Makhleb the Destroyer
  4018 | D:4      | Killed a black bear
  4162 | D:4      | Found a sacrificial altar of Ru.
  4571 | D:5      | Entered Level 5 of the Dungeon
  4581 | D:5      | Reached XP level 7. HP: 35/50 MP: 0/0
  4581 | D:5      | Learned a level 3 spell: Conjure Flame
  4757 | D:5      | Noticed a yak
  4758 | D:5      | Noticed a yak
  4794 | D:5      | Reached skill level 5 in Spellcasting
  4996 | D:5      | Noticed a yak
  5819 | D:5      | Reached XP level 8. HP: 48/58 MP: 0/0
  5953 | D:4      | Killed a yak
  6117 | D:4      | Killed a yak
  6118 | D:4      | Reached skill level 5 in Fighting
  6279 | D:4      | Killed a yak
  6844 | D:2      | Bought a faintly glowing kite shield for 247 gold pieces
  6844 | D:2      | Identified the +0 kite shield "Yxtoiruy" {rF++ rCorr Int-2}
                  | (You bought it in a shop on level 2 of the Dungeon)
  7081 | D:5      | Reached XP level 9. HP: 55/66 MP: 0/0
  7081 | D:5      | Learned a level 3 spell: Swiftness
  8030 | D:6      | Reached * piety under Makhleb
  8782 | D:2      | Bought a fizzy clear potion for 23 gold pieces
  8782 | D:2      | Bought a scroll labelled DINAOWNAIM for 26 gold pieces
  8782 | D:2      | Bought a sedimented grey potion for 23 gold pieces
  9272 | D:7      | Found Harph's Fire Supplies.
  9289 | D:7      | Reached XP level 10. HP: 73/76 MP: 0/0
  9453 | D:7      | Noticed a deep troll
  9455 | D:7      | Found the necklace of Bloodlust {*Rage Will++ Int-3 Slay+6}
  9482 | D:7      | Killed a deep troll
 10855 | D:8      | Reached ** piety under Makhleb
 11754 | D:8      | Found a runed translucent door.
 11756 | D:8      | Found a runed translucent door.
 11830 | D:8      | Reached skill level 5 in Dodging
 12272 | D:9      | Noticed Maggie
 12319 | D:9      | Noticed a two-headed ogre
 12387 | D:9      | Slain by a two-headed ogre

Illustrated notes

Levels and vault maps discovered:
D:1:      mrwooster_arrival_statue, layout_rooms,
          shapermc_ecumenical_altar_mp_vishouse, minmay_close_crescents
D:2:      layout_loops_ring, serial_shops, shop,
          nicolae_shop_overgrown_old_shop,
          nicolae_shop_competitors_out_of_business, nicolae_shop_hallway_stairs,
          grunt_ministairs_13
D:3:      layout_basic, amcnicky_altar_gilded, jmf_multi_god_temple,
          feat_on_display, uniq_jessica
D:4:      layout_rooms, mainiacjoe_overflow_chevrons,
          minmay_temple_entry_slanted, serial_bayou_pond_d
D:5:      layout_loops_ring, nicolae_wormholes
D:6:      layout_loops_ring, kennysheep_generic_room_15
D:7:      layout_basic, chequers_serial_rivers_large_b, nicolae_shop_fire_sale
          [nicolae_sub_dead_trees], hellmonk_guarded_unrand_vitality_bloodlust
D:8:      lemuel_insect_pit, layout_gridville
D:9:      cheibrodos_fzero, layout_long_grid, bh_circular_ruins, uniq_maggie
Temple:   hc_temple_tempest_star

Skill      XL: |  1  2  3  4  5  6  7  8  9 10 |
---------------+-------------------------------+-----
Fighting       | 1 2 3 4 5 7 9 |  9.9
Spellcasting   | 3 4 5 7 8 9 |  9.6
Dodging        | 3 5 |  5.4
Stealth        | |  1.5

Action                   |  1- 3 |  4- 6 |  7- 9 | 10-12 || total
-------------------------+-------+-------+-------+-------++-------
Melee: Dagger            |       |     1 |     6 |       ||     7
 Cast: Sandblast         |    47 |    17 |       |       ||    64
       Foxfire           |    26 |    56 |     2 |    48 ||   132
       Stone Arrow       |       |    11 |   120 |    57 ||   188
       Conjure Flame     |       |       |    17 |     7 ||    24
       Blink             |       |       |     3 |       ||     3
       Petrify           |       |       |     1 |       ||     1
  Use: Scroll            |       |     4 |     5 |       ||     9
 Stab: Petrified         |       |       |     4 |       ||     4
       Petrifying        |       |       |     1 |       ||     1
Armor: Robe              |     4 |     2 |     1 |     1 ||     8
Dodge: Dodged            |    12 |     6 |    12 |    17 ||    47

Table legend: (Time is in decaauts)
 A = Elapsed time spent in this place.
 B = Non-inter-level travel time spent in this place.
 C = Inter-level travel time spent in this place.
 D = Time resting spent in this place.
 E = Time spent auto-exploring this place.
 F = Levels seen in this place.
 G = Mean time per level.
                   A        B        C        D        E       F      G
               +--------+--------+--------+--------+--------+-----+--------+
         Total |  12401 |  11777 |    624 |    399 |  10021 |  10 | 1240.1 |
       Dungeon |  12149 |  11552 |    597 |    399 |   9873 |   9 | 1349.9 |
        Temple |    251 |    225 |     26 |      0 |    148 |   1 |  251.0 |
               +--------+--------+--------+--------+--------+-----+--------+

Top non-repeatable levels by time:
     D:5: 2202 daAuts
     D:7: 1913 daAuts
     D:8: 1623 daAuts
     D:1: 1351 daAuts
     D:6: 1339 daAuts
     D:4: 1306 daAuts
     D:3: 1212 daAuts
     D:2: 1187 daAuts
  Temple: 251 daAuts
     D:9: 12 daAuts
